 Dungeon Crawl Stone Soup version 0.17.0 (webtiles) character file.

991 Eucla the Caller (level 8, -1/52 HPs)
             Began as a Merfolk Summoner on Nov 16, 2015.
             Was an Initiate of Ru.
             Slain by a centaur zombie (4 damage)
             ... on level 5 of the Dungeon.
             The game lasted 00:13:39 (6902 turns).

Eucla the Caller (Merfolk Summoner)                 Turns: 6902, Time: 00:13:39

Health: -1/52      AC:  3    Str:  8    XL:     8   Next: 18%
Magic:  3/12       EV: 13    Int: 17    God:    Ru [......]
Gold:   280        SH:  0    Dex: 14    Spells: 4 memorised, 2 levels left

rFire  . . .     SeeInvis .     y - +0 trident
rCold  . . .     Clarity  .     a - +0 robe
rNeg   . . .     SustAt   .     (no shield)
rPois  .         Gourm    .     (no helmet)
rElec  .         Spirit   .     (no cloak)
rCorr  .         Warding  .     o - +0 pair of gloves
rMut   .         Rnd*Tele +     (no boots)
MR     .....                    (no amulet)
Stlth  +.........               m - ring of teleportation (curse)
                                i - ring of loudness (curse)

@: not resistant to hostile enchantments, very unstealthy
A: change form in water, swift swim
a: Renounce Religion, Evoke Teleportation


You were on level 5 of the Dungeon.
You worshipped Ru.
Ru was noncommittal.
You were near starving.

You visited 1 branch of the dungeon, and saw 5 of its levels.

You collected 280 gold pieces.

Inventory:

Hand Weapons
 d - a +0 dagger
 v - a +2 dagger of draining
 y - a +0 trident (weapon)
Missiles
 g - 2 throwing nets (quivered)
Armour
 a - a +0 robe (worn)
 o - a +0 pair of gloves (worn)
Jewellery
 i - a cursed ring of loudness (left hand)
 m - a cursed ring of teleportation (right hand)
Wands
 z - a wand of random effects (21)
Scrolls
 e - a scroll of noise {unknown}
 f - 4 scrolls of identify {unknown}
 j - 3 scrolls of fear {unknown}
 l - 2 scrolls of magic mapping {unknown}
 n - 2 scrolls of remove curse {unknown}
 q - 3 scrolls of teleportation {unknown}
 s - a scroll of enchant weapon {unknown}
 t - a scroll of enchant armour {unknown}
 B - 2 scrolls of immolation {unknown}
 C - a scroll of recharging {unknown}
Potions
 h - a potion of curing
 k - a potion of lignification
 u - a potion of brilliance
Books
 b - a book of Callings

   Spells                             Type                      Level
   a - Summon Small Mammal            Summoning                    1
   b - Call Imp                       Summoning                    2
   c - Call Canine Familiar           Summoning                    3
   d - Summon Guardian Golem          Hexes/Summoning              3
   e - Summon Lightning Spire         Summoning/Air                4
   f - Summon Ice Beast               Ice/Summoning                4
 w - a book of Debilitation

   Spells                             Type                      Level
   a - Corona                         Hexes                        1
   b - Slow                           Hexes                        2
   c - Gell's Gravitas                Hexes/Translocation          3
   d - Inner Flame                    Hexes/Fire                   3
   e - Cause Fear                     Hexes                        4
   f - Leda's Liquefaction            Hexes/Earth                  4
 A - a book of the Dragon

   Spells                             Type                      Level
   a - Flame Tongue                   Conjuration/Fire             1
   b - Cause Fear                     Hexes                        4
   c - Bolt of Fire                   Conjuration/Fire             6
   d - Dragon Form                    Transmutation                7
   e - Dragon's Call                  Summoning                    9
Comestibles
 c - 4 bread rations
 r - 2 meat rations


   Skills:
 + Level 4.9 Polearms
 - Level 2.6 Dodging
 - Level 2.1 Stealth
 - Level 3.2 Spellcasting
 * Level 7.3 Summonings
 * Level 5.3 Ice Magic


You had 2 spell levels left.
You knew the following spells:

 Your Spells              Type           Power        Failure   Level  Hunger
a - Summon Small Mammal   Summ           ####         1%          1    None
b - Call Imp              Summ           ####....     1%          2    ##.....
c - Summon Ice Beast      Ice/Summ       ###.....     14%         4    ####...
d - Summon Lightning Spi  Summ/Air       ###.....     45%         4    ####...


Dungeon Overview and Level Annotations

Branches:
Dungeon (5/15)             Temple (0/1) D:4

Altars:
Ashenzari
Kikubaaqudgha
Okawaru
Qazlal
Ru
The Shining One


Message History

* * * LOW HITPOINT WARNING * * *
Your crimson imp hits the centaur zombie.
The centaur zombie hits you.
* * * LOW HITPOINT WARNING * * *
Your crimson imp hits the centaur zombie.
The centaur zombie barely misses you.
Unknown command.
Your crimson imp hits the centaur zombie.
The centaur zombie closely misses you.
Found a small granite ring.
Your crimson imp blinks!
The centaur zombie hits you but does no damage.
Found 4 gold pieces.
Your crimson imp blinks!
The centaur zombie hits you.
* * * LOW HITPOINT WARNING * * *
Unknown command.
Cast which spell? (? or * to list)
A chill wind blows around you. The centaur zombie hits you.
You die...

##.<..............#####........
#....(....................5...
.###).(...........#.........##...
#..)............>....5.#####.....
#.##....................## #.....
# ##...#...#####...5##..###.....
........# #<..###.........
##.####...#####......ยง.)......
#.. ..##.@ZY.<.#####[[.... ##.
.......#....## #.#.... ..
.....##..##...# #.#.... ....
...###.=..# #.#.... ... ....
.....$...#.... ......#.
.........##### # ..###.
......###.. .. .. ..# #.. #..


You could see a centaur zombie, a friendly ice beast and a friendly crimson imp.

Vanquished Creatures
  Pikel (D:5)
  Duvessa (D:4)
  A phantom (D:4)
  A scorpion (D:5)
  3 worker ants (D:4)
  A hound skeleton (D:4)
  6 adders
  2 oozes
  A worm (D:4)
  An adder zombie (D:5)
  12 orcs
  4 bats
  5 giant cockroaches
  9 goblins
  3 hobgoblins
  2 jackals
  19 kobolds
  A ball python (D:3)
  6 giant geckos
  5 giant newts
  A quokka skeleton (D:4)
  3 rats
88 creatures vanquished.

Vanquished Creatures (collateral kills)
  2 slaves (D:5)
  A centaur (D:5)
  An ogre (D:5)
  A big kobold (D:4)
  Dowan (D:4)
  2 hounds
  3 adders
  2 worms (D:2)
  A giant gecko (D:1)
  6 orcs
  4 goblins
  5 hobgoblins
  10 jackals
  2 bats
  A giant newt (D:2)
  11 kobolds
  3 rats
  A plant (D:4)
57 creatures vanquished.

Vanquished Creatures (others)
  A jelly (D:4)
  A hound zombie (D:5)
  A plant (D:4)
3 creatures vanquished.

Grand Total: 148 creatures vanquished

Notes
Turn   | Place    | Note
--------------------------------------------------------------
     0 | D:1      | Eucla the Merfolk Summoner began the quest for the Orb.
     0 | D:1      | Reached XP level 1. HP: 13/13 MP: 3/3
   182 | D:1      | Reached XP level 2. HP: 19/19 MP: 3/5
   188 | D:1      | Learned a level 2 spell: Call Imp
  1028 | D:1      | Reached XP level 3. HP: 24/24 MP: 1/6
  2162 | D:2      | Found an iron altar of Okawaru.
  2393 | D:2      | Reached XP level 4. HP: 17/30 MP: 1/8
  2870 | D:3      | Reached skill level 5 in Summonings
  3424 | D:3      | Learned a level 4 spell: Summon Ice Beast
  3861 | D:3      | Found an ancient bone altar of Kikubaaqudgha.
  4264 | D:4      | Noticed Duvessa
  4265 | D:4      | Noticed Dowan
  4361 | D:4      | Reached XP level 5. HP: 24/35 MP: 9/9
  4378 | D:4      | Reached skill level 1 in Polearms
  4489 | D:4      | Reached skill level 1 in Ice Magic
  4494 | D:4      | Found a stormy altar of Qazlal.
  4495 | D:4      | Noticed an air elemental
  4500 | D:4      | Noticed an earth elemental
  4554 | D:4      | Found a shattered altar of Ashenzari.
  4979 | D:4      | Reached XP level 6. HP: 41/41 MP: 10/10
  5023 | D:4      | Found a glowing golden altar of the Shining One.
  5059 | D:4      | Noticed a fire elemental
  5065 | D:4      | Noticed a water elemental
  5101 | D:4      | Killed Dowan
  5121 | D:4      | Killed Duvessa
  5190 | D:4      | Found a staircase to the Ecumenical Temple.
  5228 | D:4      | Found a sacrificial altar of Ru.
  5228 | D:4      | Noticed a phantom
  5260 | D:4      | Became a worshipper of Ru the Awakened
  5418 | D:4      | Killed a phantom
  5418 | D:4      | Reached skill level 6 in Summonings
  5486 | D:4      | Noticed a big kobold
  5512 | D:4      | Killed a big kobold
  5512 | D:4      | Reached XP level 7. HP: 24/46 MP: 3/11
  5670 | D:4      | Learned a level 4 spell: Summon Lightning Spire
  6150 | D:5      | Entered Level 5 of the Dungeon
  6463 | D:5      | HP: 3/69 [adder (3)]
  6469 | D:5      | HP: 4/103 [orc/dagger of flaming (1)]
  6863 | D:5      | Noticed Pikel
  6887 | D:5      | Killed Pikel
  6887 | D:5      | Reached skill level 7 in Summonings
  6887 | D:5      | Reached skill level 5 in Ice Magic
  6887 | D:5      | Reached XP level 8. HP: 18/52 MP: 5/12
  6902 | D:5      | Slain by a centaur zombie

Action                   |  1- 3 |  4- 6 |  7- 9 || total
-------------------------+-------+-------+-------++-------
Melee: Unarmed           |    20 |       |       ||    20
       Dagger            |   138 |    67 |       ||   205
       Trident           |       |   144 |   133 ||   277
 Cast: Summon Small Mamm |    19 |     2 |     1 ||    22
       Call Imp          |    14 |    18 |     2 ||    34
       Summon Ice Beast  |       |     4 |     9 ||    13
  Use: Potion            |       |     3 |     6 ||     9
 Stab: Sleeping          |     1 |     6 |     2 ||     9
       Distracted        |     1 |     3 |       ||     4
  Eat: Chunk             |     6 |     9 |     5 ||    20
       Beef jerky        |       |     1 |       ||     1
       Royal jelly       |       |     1 |       ||     1
